 Dungeon Crawl Stone Soup version 0.25.1-1-g288607f5aa (webtiles) character file.

Game seed: 17498889060043335195

548274 arial999 the Impregnable (level 24, -3/249 HPs)
             Began as a Deep Dwarf Fighter on July 24, 2020.
             Was the Champion of Makhleb.
             Killed from afar by a greater mummy (4 damage)
             ... with an exploding inner flame
             ... hexed by the player character
             ... on level 1 of the Tomb of the Ancients on July 28, 2020.
             The game lasted 04:03:49 (43743 turns).

arial999 the Impregnable (Deep Dwarf Fighter)      Turns: 43743, Time: 04:03:50

Health: -3/249     AC: 44    Str: 37    XL:     24   Next: 97%
Magic:  24/24      EV: 23    Int: 13    God:    Makhleb [******]
Gold:   3764       SH:  5    Dex: 20    Spells: 21/23 levels left

rFire    + + +     SeeInvis +   E - +7 great mace "Firestarter" {inner flame, rF++}
rCold    . . .     Gourm    .   (shield currently unavailable)
rNeg     + + .     Faith    .   h - +16 plate armour of Proximity {+Inv rElec rF+ Dex-3}
rPois    +         Spirit   .   i - +0 mask of the Dragon {MR+ Slay+3 SInv}
rElec    +         Reflect  +   o - +1 cloak {rPois}
rCorr    .         Harm     .   Q - +0 pair of gloves "Vywoirolet" {+Blink Str+3 Dex+3}
MR       ++++.     NoCast   +   Y - +2 pair of boots of Elitism {-Cast Dex+8 Slay+4}
Stlth    ..........             w - amulet of reflection
HPRegen  0.00/turn              x - ring of positive energy
MPRegen  0.19/turn              F - +6 ring of strength

@: marked, non-regenerating
A: damage resistance, heal wounds, negative energy resistance 1, sense
surroundings 3, no regeneration
}: 3/15 runes: decaying, serpentine, silver
a: Heal Wounds, Minor Destruction, Lesser Servant of Makhleb, Major Destruction,
Greater Servant of Makhleb, Renounce Religion, Evoke Blink, Evoke Invisibility


You were on level 1 of the Tomb of the Ancients.
You worshipped Makhleb.
Makhleb was exalted by your worship.
You were hungry.

You visited 10 branches of the dungeon, and saw 44 of its levels.
You visited the Abyss 2 times.

You collected 6899 gold pieces.
You spent 3135 gold pieces at shops.

Inventory:

Hand Weapons
 j - a +2 broad axe of electrocution
 E - the +7 great mace "Firestarter" (weapon) {inner flame, rF++}
   (You bought it in a shop on level 9 of the Dungeon)

   It has been specially enchanted to burn those struck by it, causing extra
   injury to most foes and up to half again as much damage against particularly
   susceptible opponents.
   It greatly protects you from fire.
Armour
 h - the +16 plate armour of Proximity (worn) {+Inv rElec rF+ Dex-3}
   (You bought it in a shop on level 3 of the Snake Pit)

   It affects your dexterity (-3).
   It protects you from fire.
   It insulates you from electricity.
   It lets you turn invisible.
 i - the +0 mask of the Dragon (worn) {MR+ Slay+3 SInv}
   (You found it on level 3 of the Elven Halls)

   It affects your accuracy and damage with ranged weapons and melee attacks
   (+3).
   It affects your resistance to hostile enchantments.
   It lets you see invisible.
 o - a +1 cloak of poison resistance (worn)
 Q - the +0 pair of gloves "Vywoirolet" (worn) {+Blink Str+3 Dex+3}
   (You bought it in a shop on level 3 of the Snake Pit)

   It affects your strength (+3).
   It affects your dexterity (+3).
   It lets you blink.
 Y - the +2 pair of boots of Elitism (worn) {-Cast Dex+8 Slay+4}
   (You found it on level 5 of the Vaults)

   It affects your dexterity (+8).
   It affects your accuracy and damage with ranged weapons and melee attacks
   (+4).
   It prevents spellcasting.
Jewellery
 w - an amulet of reflection (around neck)
 x - a ring of positive energy (left hand)
 B - the ring "Qageracs" {Dex+3 Slay+4}
   (You found it on level 3 of the Crypt)

   [ring of slaying]

   It affects your dexterity (+3).
   It affects your accuracy and damage with ranged weapons and melee attacks
   (+4).
 F - a +6 ring of strength (right hand)
 V - an uncursed ring of resist corrosion
Wands
 b - a wand of flame (33)
 m - a wand of clouds (3)
 s - a wand of polymorph (26)
 t - a wand of disintegration (43)
 D - a wand of acid (28)
 J - a wand of iceblast (36)
 P - a wand of paralysis (9)
Scrolls
 c - 2 scrolls of identify
 e - 20 scrolls of teleportation
 k - 23 scrolls of remove curse
 r - 7 scrolls of fear
 u - 6 scrolls of enchant weapon
 z - 15 scrolls of magic mapping
 C - 18 scrolls of amnesia
 M - 9 scrolls of blinking
 N - 6 scrolls of fog
 S - a scroll of silence
Potions
 a - 2 potions of magic
 d - a potion of brilliance
 g - 4 potions of flight
 l - 16 potions of curing
 n - 2 potions of might
 p - 7 potions of mutation
 q - 6 potions of invisibility
 v - 9 potions of lignification
 A - a potion of berserk rage
 G - 2 potions of resistance
 H - 6 potions of heal wounds
 K - 4 potions of haste
 R - 5 potions of cancellation
 T - 5 potions of stabbing
 Z - a potion of ambrosia
Miscellaneous
 y - a tin of tremorstones (3/3)
 I - 7 phantom mirrors
 O - a phial of floods
 U - a lightning rod (4/4)
Comestibles
 f - 86 rations


   Skills:
 * Level 21.0 Fighting
 - Level 14.8(19.3) Axes
 + Level 19.3(20.6) Maces & Flails
 + Level 21.1 Armour
 + Level 18.4 Dodging
   Level 12.3 Shields
 - Level 17.9 Invocations


You had 21 spell levels left.
You knew the following spells:

 Your Spells              Type           Power        Failure   Level  Hunger
a - Blink                 Tloc           N/A          80%         2    ###....

Your spell library contained the following spells:

 Spells                   Type           Power        Failure   Level  Hunger
 Animate Skeleton         Necr           N/A          67%         1    ##.....
 Apportation              Tloc           #.....       67%         1    ##.....
 Corona                   Hex            #......      67%         1    ##.....
 Foxfire                  Conj/Fire      #...         67%         1    ##.....
 Freeze                   Ice            #...         67%         1    ##.....
 Magic Dart               Conj           #...         67%         1    ##.....
 Pain                     Necr           #...         67%         1    ##.....
 Sting                    Tmut/Pois      #...         67%         1    ##.....
 Summon Butterflies       Summ           #.......     67%         1    ##.....
 Summon Small Mammal      Summ           #...         67%         1    ##.....
 Call Imp                 Summ           #.......     80%         2    ###....
 Ensorcelled Hibernation  Hex/Ice        #.....       80%         2    ###....
 Passwall                 Tmut/Erth      #.......     80%         2    ###....
 Poisonous Vapours        Pois/Air       #.....       80%         2    ###....
 Shroud of Golubria       Chrm/Tloc      #.....       80%         2    ###....
 Slow                     Hex            #.......     80%         2    ###....
 Sublimation of Blood     Necr           #.........   80%         2    ###....
 Swiftness                Chrm/Air       #.......     80%         2    ###....
 Confusing Touch          Hex            #.......     95%         3    ####...
 Conjure Flame            Conj/Fire      #.......     95%         3    ####...
 Dazzling Flash           Conj/Hex       #.....       95%         3    ####...
 Frozen Ramparts          Ice            #.....       95%         3    ####...
 Gell's Gravitas          Tloc           #.........   95%         3    ####...
 Ignite Poison            Fire/Tmut/Pois #.......     95%         3    ####...
 Inner Flame              Hex/Fire       #.......     95%         3    ####...
 Lesser Beckoning         Tloc           #.........   95%         3    ####...
 Mephitic Cloud           Conj/Pois/Air  #.......     95%         3    ####...
 Ozocubu's Armour         Chrm/Ice       #.......     95%         3    ####...
 Recall                   Summ/Tloc      N/A          95%         3    ####...
 Stone Arrow              Conj/Erth      #.....       95%         3    ####...
 Teleport Other           Tloc           #.......     95%         3    ####...
 Tukima's Dance           Hex            #.......     95%         3    ####...
 Vampiric Draining        Necr           #.........   95%         3    ####...
 Animate Dead             Necr           N/A          100%        4    #####..
 Cause Fear               Hex            #.........   100%        4    #####..
 Dispel Undead            Necr           #.......     100%        4    #####..
 Fulminant Prism          Conj/Hex       #.........   100%        4    #####..
 Hailstorm                Conj/Ice       #.......     100%        4    #####..
 Leda's Liquefaction      Hex/Erth       #.........   100%        4    #####..
 Olgreb's Toxic Radiance  Pois           #.......     100%        4    #####..
 Passage of Golubria      Tloc           N/A          100%        4    #####..
 Petrify                  Tmut/Erth      #.......     100%        4    #####..
 Sticky Flame             Conj/Fire      #.......     100%        4    #####..
 Summon Ice Beast         Ice/Summ       #.......     100%        4    #####..
 Agony                    Necr           #.......     100%        5    ######.
 Alistair's Intoxication  Tmut/Pois      #.......     100%        5    ######.
 Bolt of Magma            Conj/Fire/Erth #.........   100%        5    ######.
 Borgnjor's Vile Clutch   Necr/Erth      #.........   100%        5    ######.
 Excruciating Wounds      Chrm/Necr      #.........   100%        5    ######.
 Fireball                 Conj/Fire      #.........   100%        5    ######.
 Irradiate                Conj/Tmut      #.........   100%        5    ######.
 Iskenderun's Battlesphe  Conj/Chrm      #.......     100%        5    ######.
 Lee's Rapid Deconstruct  Erth           #.........   100%        5    ######.
 Metabolic Englaciation   Hex/Ice        #.........   100%        5    ######.
 Yara's Violent Unravell  Hex/Tmut       #.........   100%        5    ######.
 Darkness                 Hex            #.........   100%        6    #######
 Death Channel            Necr           #.........   100%        6    #######
 Eringya's Noxious Bog    Tmut/Pois      #.........   100%        6    #######
 Invisibility             Hex            #.......     100%        6    #######
 Iron Shot                Conj/Erth      #.........   100%        6    #######
 Simulacrum               Ice/Necr       #.........   100%        6    #######
 Statue Form              Tmut/Erth      #........    100%        6    #######
 Dragon Form              Tmut           #.........   100%        7    #######
 Malign Gateway           Summ/Tloc      #.........   100%        7    #######
 Monstrous Menagerie      Summ           #.........   100%        7    #######
 Orb of Destruction       Conj           #.........   100%        7    #######
 Spellforged Servitor     Conj/Summ      #.........   100%        7    #######
 Summon Greater Demon     Summ           #.........   100%        7    #######
 Controlled Blink         Tloc           N/A          100%        8    #######
 Summon Horrible Things   Summ           #.........   100%        8    #######
 Dragon's Call            Summ           #.........   100%        9    #######
 Shatter                  Erth           #.........   100%        9    #######


Dungeon Overview and Level Annotations

Branches:
Dungeon (15/15)            Temple (1/1) D:5            Lair (6/6) D:11
  Swamp (4/4) Lair:3        Snake (4/4) Lair:3        Slime (0/5) Lair:6
    Orc (2/2) D:9             Elf (3/3) Orc:2        Vaults (5/5) D:14
  Crypt (3/3) Vaults:3       Tomb (1/3) Crypt:3      Depths (0/5) D:15

Altars:
Ashenzari
Elyvilon
Fedhas
Gozag
Hepliaklqana
Kikubaaqudgha
Makhleb
Nemelex Xobeh
Qazlal
Trog
Uskayaw
Vehumet
Wu Jian
Xom
Yredelemnul
Zin
The Shining One
Beogh

Shops:
D:9 *   D:11 !   D:13 [   D:14 [*!   Orc:2 =}[?*   Elf:1 (   Snake:2 *
Snake:3 :[(   Snake:4 =   Vaults:1 ?   Vaults:2 (

Portals:
Pandemonium: Orc:2
Trove: Vaults:4 (give 12 potions of heal wounds)

Annotations:
Lair:6 exclusion: 2 oklob plants
Swamp:2 exclusion: 2 oklob plants
Elf:3 3 runed translucent doors, Vacugow's ghost, veteran DDBe


Innate Abilities, Weirdness & Mutations

You are resistant to damage.
You can heal yourself by infusing magical energy.
You resist negative energy. (rN+)
You passively map a large area around you.
You do not regenerate.


Message History

The greater mummy is severely damaged.
The bennu barely misses you. The bennu misses you.
The bennu closely misses you. The bennu pecks you but does no damage.
The bennu completely misses you. The bennu claws you!
* * * LOW HITPOINT WARNING * * *
The mummy priest mumbles some strange prayers to its god against you.
Something smites you!
* * * LOW HITPOINT WARNING * * *
The greater mummy is engulfed in blazing flames.
Flame seeps out of the greater mummy.
The greater mummy points at you and mumbles some strange words.
Something smites you!
* * * LOW HITPOINT WARNING * * *
You block the freezing wraith's attack.
The freezing wraith completely misses you.
You pound the greater mummy like an anvil!!!
You burn the greater mummy!
The greater mummy explodes!
The fiery explosion engulfs you. You resist.
You die...

.....# *
*######..............
.....#* ##.
.##..............
.....# ,
#^.,^.#..............
.....# ,
#^.#^.#..............
.....#
#.^○/.#..............
.....# ^ # ,
#.°§##....#######.
)....# ,
#..###○###..L.#* , *,
.....# ,
#.....bW§nn...#^,,,,
.....#*,
#.....○@bM..2.#, ,
.....#
^#.....M.§WZ...# , ,
.....#
#..#######M...# ,,
.....# #..* , #....#
, .....# ,,#.,
,#...... ,, .....#
#,, > * '....... , ,
.....#* * ,
^.#....... , , ,
.....# * , , , , , ,,
.....#* * , * * * ,,
,,,


You could see a lich, 2 bennus, a mummy priest, a freezing wraith (summoned), a
hellion (summoned), a hungry ghost (summoned), 2 necrophages, 2 mummies and a
fire dragon zombie (summoned).

Vanquished Creatures
  2 ancient liches
  Mennas (Tomb:1)
  2 greater mummies (Tomb:1)
  Bai Suzhen (Vaults:2)
  A profane servitor (Crypt:1)
  Jory (Vaults:3)
  A golden dragon (Vaults:5)
  Nikola (Swamp:4)
  5 tentacled monstrosities
  Jorgrun (D:14)
  3 liches
  A quicksilver dragon (Vaults:5)
  4 deep elf blademasters (Elf:3)
  4 deep elf master archers (Elf:3)
  2 titans
  4 tentacled starspawn
  7 ancient champions
  9 sphinxes
  2 shadow dragons (Vaults:5)
  A storm dragon (Vaults:5)
  4 tengu reavers
  5 thorn hunters
  8 nagarajas
  2 revenants
  7 fire giants
  An iron dragon (Vaults:5)
  17 vault wardens
  3 orc warlords
  12 deep elf sorcerers
  The ghost of Zuits the Peltast, a journeyman DDFi of Makhleb (Snake:1)
  A reaper (Abyss:2)
  5 deep elf elementalists
  5 stone giants
  4 very ugly things
  A war gargoyle (Vaults:5)
  2 ghouls
  16 ironheart preservers
  3 deep elf demonologists (Elf:3)
  A bennu (Tomb:1)
  21 vampire knights
  An entropy weaver (Vaults:3)
  4 deep elf annihilators
  9 deep elf death magi
  4 eidola
  A green death (Abyss:2)
  5 mummy priests
  21 jiangshi
  6 ettins
  4 fire dragons
  8 deep elf high priests
  3 rakshasas
  7 yaktaur captains
  2 great orbs of eyes
  Harold (D:7)
  7 ogre magi
  7 ice dragons
  14 naga warriors
  28 vault guards
  15 hydras
  4 shambling mangroves
  6 centaur warriors
  6 anacondas
  An anaconda (shapeshifter) (Vaults:5)
  32 dancing weapons
  10 death knights
  19 two-headed ogres
  2 deep troll earth magi
  14 alligators
  16 vampire magi
  10 naga sharpshooters
  4 death yaks (Lair:6)
  Urug (Lair:1)
  A deep troll shaman (Vaults:4)
  7 orc high priests (Orc:2)
  A hell knight (Vaults:5)
  6 shock serpents
  31 deep elf knights
  A soul eater (Crypt:3)
  3 wretched stars
  A sun demon (Orc:2)
  3 salamander mystics (Snake:4)
  2 sixfirhies
  3 storm dragon zombies (Crypt:3)
  16 skeletal warriors
  A torturous demonspawn (Orc:2)
  5 shadow wraiths
  5 glowing orange brains
  A glowing orange brain (shapeshifter) (Vaults:5)
  3 unseen horrors (shapeshifter)
  11 deep trolls
  2 unseen horrors
  2 shadow dragon zombies
  2 golden dragon zombies (Crypt:3)
  5 flayed ghosts
  22 deep elf archers
  A gelid demonspawn (Orc:2)
  3 swamp dragons
  A swamp dragon (shapeshifter) (Vaults:5)
  5 naga ritualists
  A tengu zombie (Vaults:5)
  22 phantasmal warriors
  5 wizards
  2 anaconda zombies (Crypt:3)
  7 harpies
  18 ironbrand convokers
  A mana viper (shapeshifter) (Vaults:3)
  9 necromancers
  A lindwurm (shapeshifter) (D:15)
  12 mana vipers
  Pikel (D:8)
  69 deep elf magi
  15 orc knights
  2 orb spiders (shapeshifter)
  3 wolf spiders
  A fire giant zombie (Vaults:5)
  A frost giant zombie (Vaults:5)
  31 ugly things
  12 salamanders
  3 elephants (Lair:4)
  3 stone giant zombies
  10 orc sorcerers
  6 cyclopes
  3 manticores
  A stone giant skeleton (Vaults:5)
  2 guardian serpents
  2 black mambas (shapeshifter)
  An apocalypse crab (Abyss:2)
  Maurice (D:8)
  22 black mambas
  Joseph (D:7)
  An ice statue (Elf:3)
  36 naga magi
  4 centaur zombies (D:14)
  12 vault sentinels
  2 water nymphs (shapeshifter)
  A dire elephant zombie (Crypt:3)
  A sea snake zombie (Crypt:3)
  2 smoke demons (Abyss:2)
  5 gargoyles
  An emperor scorpion zombie (Crypt:1)
  An orange demon (Orc:2)
  A red draconian zombie (Crypt:2)
  22 spiny frogs
  17 guardian mummies
  45 yaktaurs
  2 kobold demonologists (D:15)
  6 rime drakes
  4 komodo dragons
  18 freezing wraiths
  3 ancient zymes
  2 efreet
  An ice devil (Orc:2)
  An alligator snapping turtle skeleton (Crypt:2)
  3 hellwings
  A swamp worm zombie (Crypt:2)
  A troll (shapeshifter) (Vaults:3)
  A human skeleton (Vaults:5)
  10 trolls
  8 polar bears
  The ghost of Farlane the Skirmisher, an amateur HuFi (D:5)
  A queen bee (Lair:1)
  9 bog bodies
  A jumping spider (shapeshifter) (Vaults:2)
  20 hornets
  A sphinx simulacrum (Vaults:5)
  9 blink frogs
  A wind drake (shapeshifter) (Vaults:3)
  3 raiju (Abyss:3)
  7 tyrant leeches
  6 dream sheep (Lair:6)
  A blink frog (shapeshifter) (Vaults:4)
  17 hippogriffs
  31 slime creatures
  An ettin zombie (Crypt:3)
  3 hippogriffs (shapeshifter)
  6 air elementals
  14 flying skulls
  3 shadows
  18 spriggans
  A spriggan (shapeshifter) (Vaults:2)
  2 water elementals
  17 wraiths
  An ushabti (Tomb:1)
  13 wyverns
  2 fire elementals
  A human (D:7)
  41 yaks
  19 vampires
  4 hogs (D:7)
  22 vampire mosquitoes
  5 basilisks
  2 chaos spawn
  A neqoxec (Orc:2)
  3 steam dragons
  An elf simulacrum (Vaults:5)
  A hungry ghost (D:11)
  2 yaktaur simulacra
  44 nagas
  6 insubstantial wisps (Swamp:4)
  8 wargs
  3 swamp worm simulacra (Swamp:4)
  16 swamp worms
  An acid dragon (shapeshifter) (Vaults:3)
  2 acid dragons
  A soldier ant (shapeshifter) (Abyss:3)
  2 soldier ants
  14 water moccasins
  2 water moccasins (shapeshifter)
  14 hydra simulacra (Swamp:4)
  A monstrous demonspawn skeleton (Crypt:2)
  Duvessa (D:7)
  6 porcupines
  2 ogre skeletons
  4 swamp drakes
  7 ice beasts
  18 large abominations
  An elephant zombie (Crypt:3)
  47 orc warriors
  3 slaves (D:8)
  A snapping turtle zombie (Crypt:3)
  3 black bears (Lair:6)
  4 sky beasts
  A meliai simulacrum (D:13)
  An ettin simulacrum (Vaults:5)
  3 phantoms
  3 necrophages
  4 human zombies
  18 boggarts
  35 wolves
  34 ogres
  26 centaurs
  A dream sheep skeleton (Crypt:2)
  7 crocodiles
  4 elf zombies (Elf:1)
  18 bullfrogs
  4 big kobolds
  A gnoll sergeant (Orc:2)
  A water moccasin zombie (Crypt:1)
  A yaktaur skeleton (Vaults:1)
  4 earth elementals
  Dowan (D:7)
  A hippogriff skeleton (Crypt:1)
  5 scorpions
  A spriggan zombie (Crypt:3)
  8 small abominations
  29 killer bees
  8 wights
  4 electric eels
  A howler monkey (D:9)
  7 crimson imps
  A bullfrog zombie (D:10)
  26 starcursed masses
  3 human simulacra
  A quasit (Abyss:2)
  7 hounds
  27 orc wizards
  26 orc priests
  6 bullfrog skeletons
  8 centaur skeletons
  8 jellies
  5 iguanas
  14 worker ants
  A killer bee zombie (D:8)
  8 mummies (Tomb:1)
  A worker ant zombie (Crypt:3)
  A howler monkey zombie (D:5)
  8 gnolls
  A swamp drake zombie (Crypt:1)
  9 adders
  5 shadow imps
  A steam dragon skeleton (Crypt:3)
  13 white imps
  An ufetubus (Abyss:2)
  2 oozes (Lair:6)
  5 swamp drake simulacra (Swamp:4)
  An adder zombie (D:8)
  2 adder skeletons
  A lava snake skeleton (Crypt:1)
  A worm (D:6)
  A barachi skeleton (Crypt:1)
  2 dart slugs (D:2)
  5 leopard geckos
  110 orcs
  2 ball pythons
  A giant cockroach (D:2)
  A gnoll zombie (Crypt:3)
  7 goblins
  6 hobgoblins
  7 jackals
  34 kobolds
  4 quokkas
  3 bats
  3 frilled lizards
  A gnoll skeleton (Crypt:1)
  A jackal skeleton (D:6)
  A leopard gecko zombie (D:6)
  A quokka skeleton (D:6)
  A quokka zombie (D:6)
  4 rats
  20 briar patches
  A bush (Elf:3)
  2 crawling corpses (Vaults:5)
  6 fungi
  A lurking horror (Abyss:2)
  5 plants
  5 starspawn tentacles
2229 creatures vanquished.

Vanquished Creatures (collateral kills)
  A deep elf blademaster (Elf:2)
  The ghost of funkygono the Grappler, a journeyman TrHu of Ru (Lair:1)
  A hydra (D:11)
  A deep elf knight (Elf:2)
  A deep elf mage (Elf:2)
  A komodo dragon (Lair:2)
  5 yaks (D:11)
  A bullfrog skeleton (D:9)
  An adder zombie (D:9)
  A leopard gecko (D:9)
  3 orcs (D:9)
17 creatures vanquished.

Vanquished Creatures (others)
  An azure jelly (Swamp:4)
  A mummy priest (Tomb:1)
  A shadow wraith (Vaults:2)
  3 naga magi (Snake:4)
  A water elemental (D:13)
  A basilisk (Lair:6)
  A swamp worm (Swamp:4)
  2 water moccasins
  A crocodile (Lair:6)
  A bullfrog (D:13)
  An orc (Vaults:5)
  A kobold (D:5)
  2 briar patches
  18 fungi
  5 plants
  7 starspawn tentacles (Abyss:2)
  2 withered plants (Lair:1)
49 creatures vanquished.

Grand Total: 2295 creatures vanquished

Notes
Turn   | Place    | Note
-------+----------+-------------------------------------------
     0 | D:1      | arial999 the Deep Dwarf Fighter began the quest for the
                  | Orb.
     0 | D:1      | Reached XP level 1. HP: 20/20 MP: 1/1
   176 | D:1      | Reached XP level 2. HP: 27/27 MP: 2/2
   733 | D:2      | Found an ornate altar of the Wu Jian Council.
   743 | D:2      | Found an opulent altar of Gozag.
   944 | D:2      | Reached XP level 3. HP: 27/34 MP: 3/3
  1546 | D:4      | Reached XP level 4. HP: 42/42 MP: 4/4
  1713 | D:4      | Reached XP level 5. HP: 48/49 MP: 5/5
  2087 | D:4      | Found a radiant altar of Vehumet.
  2087 | D:4      | Found an ancient bone altar of Kikubaaqudgha.
  2125 | D:4      | Found a glowing golden altar of the Shining One.
  2464 | D:5      | Entered Level 5 of the Dungeon
  2522 | D:5      | Identified the +5 short sword of the Spheres {chaos,
                  | *Contam rElec Str-5 Dex+7}
  2523 | D:5      | Found a runed translucent gate.
  2523 | D:5      | Found a runed translucent gate.
  2523 | D:5      | Noticed Farlane's ghost (amateur HuFi)
  2524 | D:5      | Found a runed translucent gate.
  2535 | D:5      | Noticed an ice beast
  2549 | D:5      | Killed an ice beast
  2549 | D:5      | Reached XP level 6. HP: 49/57 MP: 6/6
  2558 | D:5      | Reached skill level 5 in Axes
  2900 | D:5      | Reached skill level 5 in Shields
  2900 | D:5      | Reached XP level 7. HP: 62/64 MP: 7/7
  2915 | D:5      | Reached skill level 5 in Armour
  2918 | D:5      | Found a staircase to the Ecumenical Temple.
  2945 | Temple   | Entered the Ecumenical Temple
  2995 | Temple   | Became a worshipper of Makhleb the Destroyer
  3295 | D:6      | HP: 2/66 [orc warrior/+0 halberd (15)]
  3300 | D:6      | Reached XP level 8. HP: 2/73 MP: 7/7
  3308 | D:6      | Reached * piety under Makhleb
  4158 | D:7      | Noticed a hippogriff
  4165 | D:7      | Killed a hippogriff
  4165 | D:7      | Reached skill level 5 in Fighting
  4170 | D:7      | Found a stormy altar of Qazlal.
  4171 | D:7      | Noticed Harold
  4204 | D:7      | Killed Harold
  4204 | D:7      | Gained mutation: You passively map the area around you.
                  | [Deep Dwarf growth]
  4204 | D:7      | Reached XP level 9. HP: 58/82 MP: 7/7
  4544 | D:7      | Noticed Joseph
  4554 | D:7      | Killed Joseph
  4588 | D:7      | Reached skill level 10 in Axes
  4742 | D:7      | Noticed Duvessa
  4756 | D:7      | Killed Duvessa
  4756 | D:7      | Reached XP level 10. HP: 55/92 MP: 8/8
  4761 | D:7      | Noticed Dowan
  4769 | D:7      | Killed Dowan
  5009 | D:8      | Reached ** piety under Makhleb
  5086 | D:8      | Noticed Maurice
  5113 | D:8      | Killed Maurice
  5461 | D:8      | Noticed Pikel
  5488 | D:8      | Killed Pikel
  5701 | D:9      | Found a staircase to the Orcish Mines.
  5711 | D:9      | Reached *** piety under Makhleb
  5811 | D:9      | Reached XP level 11. HP: 100/100 MP: 8/8
  5876 | D:9      | Found Haaplemn's Jewellery Emporium.
  6073 | D:9      | Found Lababros's Mayhem Merchandise.
  6201 | D:9      | Reached skill level 1 in Invocations
  6823 | D:10     | Entered Level 10 of the Dungeon
  7339 | D:11     | Got a slimy chain mail
  7375 | D:11     | Noticed a six-headed hydra
  7399 | D:11     | Killed a six-headed hydra
  7518 | D:11     | Reached **** piety under Makhleb
  7789 | D:11     | Identified the +3 chain mail of Erusouss {MP+9 Str+3 Int+2}
                  | (You found it on level 11 of the Dungeon)
  7876 | D:11     | Found Nywkeidd's Distillery.
  8037 | D:11     | Found a staircase to the Lair.
  8041 | Lair:1   | Entered Level 1 of the Lair of Beasts
  8083 | Lair:1   | Reached skill level 10 in Shields
  8135 | Lair:1   | Found a runed translucent door.
  8136 | Lair:1   | Noticed funkygono's ghost (journeyman TrHu)
  8312 | Lair:1   | Reached skill level 10 in Armour
  8313 | Lair:1   | Reached skill level 5 in Invocations
  8313 | Lair:1   | Reached XP level 12. HP: 112/112 MP: 12/12
  8451 | Lair:1   | Reached ***** piety under Makhleb
  8634 | Lair:1   | Noticed Urug
  8666 | Lair:1   | Killed Urug
  8896 | Lair:1   | Killed funkygono's ghost
  9071 | Lair:2   | Noticed an eight-headed hydra
  9089 | Lair:2   | Killed an eight-headed hydra
  9983 | Lair:3   | Found a staircase to the Snake Pit.
 10227 | Lair:3   | Found a staircase to the Swamp.
 10227 | Lair:3   | Noticed a six-headed hydra
 10257 | Lair:3   | Killed a six-headed hydra
 11133 | Lair:4   | Reached XP level 13. HP: 121/121 MP: 14/14
 13015 | D:5      | Killed Farlane's ghost
 13222 | D:9      | Bought the +7 great mace "Firestarter" {inner flame, rF++}
                  | for 996 gold pieces
 13222 | D:9      | Found the +7 great mace "Firestarter" {inner flame, rF++}
 13402 | Lair:6   | Entered Level 6 of the Lair of Beasts
 13418 | Lair:6   | Reached skill level 1 in Maces & Flails
 13446 | Lair:6   | Reached ****** piety under Makhleb
 13508 | Lair:6   | Reached skill level 10 in Fighting
 13762 | Lair:6   | Found a staircase to the Slime Pits.
 13834 | Lair:6   | Reached skill level 5 in Maces & Flails
 13951 | Lair:6   | Gained mutation: You resist negative energy. (rN+) [Deep
                  | Dwarf growth]
 13951 | Lair:6   | Reached XP level 14. HP: 132/132 MP: 17/17
 14307 | Lair:6   | Reached skill level 10 in Invocations
 15066 | Orc:1    | Entered Level 1 of the Orcish Mines
 15296 | Orc:2    | Entered Level 2 of the Orcish Mines
 15296 | Orc:2    | Found a staircase to the Elven Halls.
 15296 | Orc:2    | Noticed an orc warlord
 15792 | D:12     | You fall into a shaft and drop 2 floors!
 15792 | D:14     | Found Boyr's Distillery.
 15799 | D:14     | Bought a potion of experience for 600 gold pieces
 15799 | D:14     | Reached XP level 15. HP: 127/140 MP: 18/18
 16336 | D:12     | Found a stormy altar of Qazlal.
 16713 | D:13     | Found Unkeil's Armour Shop.
 16860 | D:14     | Reached skill level 10 in Maces & Flails
 16937 | D:14     | Found a gate to the Vaults.
 17244 | D:14     | Found Kock's Assorted Antiques.
 17251 | D:14     | Bought a scroll of enchant armour for 120 gold pieces
 17264 | D:14     | Noticed Jorgrun
 17273 | D:14     | Killed Jorgrun
 17359 | D:14     | Found Jekholok's Armour Shop.
 17416 | D:14     | Bought a +0 cloak of poison resistance for 144 gold pieces
 17863 | D:15     | Entered Level 15 of the Dungeon
 17986 | D:15     | Reached XP level 16. HP: 150/150 MP: 20/20
 18726 | D:15     | Found a staircase to the Depths.
 19082 | Orc:2    | Found a roughly hewn altar of Beogh.
 19104 | Orc:2    | Found Lixiresh's Jewellery Shop.
 19358 | Orc:2    | Found Konim's General Store.
 19364 | Orc:2    | Found Lugoe's Magic Scroll Shop.
 19549 | Orc:2    | Found Osounoti's Antique Armour Shoppe.
 19549 | Orc:2    | Found a one-way gate leading to the halls of Pandemonium.
 19549 | Orc:2    | Found Sagalemu's Gadget Emporium.
 19774 | Orc:2    | Found a roughly hewn altar of Beogh.
 20508 | Swamp:1  | Entered Level 1 of the Swamp
 21437 | Swamp:2  | Noticed a thorn hunter
 21455 | Swamp:2  | Killed a thorn hunter
 21455 | Swamp:2  | Reached XP level 17. HP: 150/159 MP: 20/22
 21964 | Swamp:2  | Learned a level 2 spell: Blink
 23059 | Swamp:4  | Entered Level 4 of the Swamp
 23060 | Swamp:4  | Noticed a tentacled monstrosity
 23071 | Swamp:4  | Killed a tentacled monstrosity
 23629 | Swamp:4  | Noticed Nikola
 23641 | Swamp:4  | Killed Nikola
 23989 | Swamp:4  | Got a decaying rune of Zot
 24196 | Snake:1  | Entered Level 1 of the Snake Pit
 24418 | Snake:1  | Found a runed translucent gate.
 24418 | Snake:1  | Found a runed translucent gate.
 24419 | Snake:1  | Found a runed translucent gate.
 24419 | Snake:1  | Noticed Zuits's ghost (journeyman DDFi)
 24431 | Snake:1  | Killed Zuits's ghost
 25005 | Snake:2  | Reached skill level 15 in Armour
 25018 | Snake:2  | Reached skill level 15 in Maces & Flails
 25056 | Snake:2  | Gained mutation: You passively map a large area around you.
                  | [Deep Dwarf growth]
 25056 | Snake:2  | Reached XP level 18. HP: 171/171 MP: 23/23
 25307 | Snake:2  | Reached skill level 1 in Dodging
 25571 | Snake:2  | Found Ycaolekk's General Store.
 25801 | Snake:2  | Reached skill level 15 in Invocations
 26039 | Snake:3  | Found Diomo's Book Boutique.
 26043 | Snake:3  | Found Niepp's Antique Armour Shop.
 26045 | Snake:3  | Found Ydyah's Antique Weapon Boutique.
 26175 | Snake:3  | Bought a pair of fading gloves for 323 gold pieces
 26175 | Snake:3  | Identified the +0 pair of gloves "Vywoirolet" {+Blink Str+3
                  | Dex+3} (You bought it in a shop on level 3 of the Snake
                  | Pit)
 26202 | Snake:3  | Bought a spiked plate armour for 952 gold pieces
 26202 | Snake:3  | Identified the +16 plate armour of Proximity {+Inv rElec
                  | rF+ Dex-3} (You bought it in a shop on level 3 of the Snake
                  | Pit)
 26831 | Snake:4  | Entered Level 4 of the Snake Pit
 26905 | Snake:4  | Reached skill level 5 in Dodging
 27102 | Snake:4  | Found Kueguysko's Jewellery Shoppe.
 27423 | Snake:4  | Got a serpentine rune of Zot
 28019 | Elf:1    | Entered Level 1 of the Elven Halls
 28252 | Elf:1    | Reached XP level 19. HP: 171/181 MP: 23/25
 28603 | Elf:1    | Identified the Handbook of Sinister Rituals
 28654 | Elf:1    | Found Raifahi's Antique Weapon Shop.
 29502 | Elf:2    | Found a runed translucent gate.
 29502 | Elf:2    | Found a runed translucent gate.
 29503 | Elf:2    | Found a runed translucent gate.
 30178 | Elf:2    | Cast into level 3 of the Abyss (+5 quick blade of
                  | distortion)
 30249 | Abyss:3  | Reached skill level 10 in Dodging
 30352 | Elf:2    | Escaped the Abyss
 30365 | Elf:2    | Cast into level 2 of the Abyss (deep elf knight)
 30512 | Abyss:2  | Paralysed by accursed screaming for 1 turns
 30624 | Abyss:2  | Found a radiant altar of Vehumet.
 30915 | Abyss:2  | Paralysed by accursed screaming for 1 turns
 30986 | Elf:2    | Escaped the Abyss
 31293 | Elf:3    | Entered Level 3 of the Elven Halls
 31356 | Elf:3    | Reached XP level 20. HP: 191/192 MP: 26/26
 31548 | Elf:3    | Found the +0 mask of the Dragon {MR+ Slay+3 SInv}
 32272 | Elf:3    | Found a radiant altar of Vehumet.
 32546 | Elf:3    | Found a runed translucent gate.
 32546 | Elf:3    | Found a runed translucent gate.
 32546 | Elf:3    | Found a runed translucent gate.
 32584 | Elf:3    | Found a runed translucent gate.
 32584 | Elf:3    | Found a runed translucent gate.
 32590 | Elf:3    | Found a runed translucent gate.
 32591 | Elf:3    | Noticed Vacugow's ghost (veteran DDBe)
 32724 | Elf:3    | Identified the ring "Nuwy" {+Fly rF+}
 32782 | Elf:3    | Found the +3 robe of Folly {Archmagi, MR-- Int+5}
 32785 | Elf:3    | Identified the Catalogue of Translocation
 32888 | Elf:3    | Got a slimy plate armour
 32889 | Elf:3    | Identified the cursed +0 plate armour of Geyprej {MR+} (You
                  | found it on level 3 of the Elven Halls)
 33167 | Vaults:1 | Entered Level 1 of the Vaults
 33439 | Vaults:1 | Reached skill level 15 in Fighting
 33692 | Vaults:1 | Identified Nifag's Handbook of the Frostbite and Dark
                  | Rituals
 33713 | Vaults:1 | Reached XP level 21. HP: 201/201 MP: 27/27
 34041 | Vaults:1 | Found Hicw's Magic Scroll Boutique.
 35332 | Vaults:2 | Found Kiehaot's Antique Weapon Shop.
 35618 | Vaults:2 | Noticed Bai Suzhen
 35624 | Vaults:2 | Killed Bai Suzhen
 36152 | Vaults:3 | Reached XP level 22. HP: 216/216 MP: 28/28
 36186 | Vaults:3 | Reached skill level 15 in Dodging
 36402 | Vaults:3 | Noticed Jory
 36423 | Vaults:3 | Killed Jory
 36640 | Vaults:3 | Found a staircase to the Crypt.
 36640 | Vaults:3 | Found an ancient bone altar of Kikubaaqudgha.
 36641 | Vaults:3 | Found a basalt altar of Yredelemnul.
 38265 | Vaults:4 | Found a portal to a secret trove of treasure.
 38549 | Vaults:5 | Entered Level 5 of the Vaults
 38618 | Vaults:5 | Reached XP level 23. HP: 217/230 MP: 28/28
 38636 | Vaults:5 | Identified the +4 ring mail "Daicoppasai" {rCorr Int+5
                  | Dex-5}
 38647 | Vaults:5 | Identified the +1 robe of Action {rElec rCorr MP+9 Str-4}
 38850 | Vaults:5 | Noticed an ancient lich
 38864 | Vaults:5 | Killed an ancient lich
 39000 | Vaults:5 | Got a fine great mace
 39001 | Vaults:5 | Identified the +8 great mace of Hatred {vorpal, *Corrode
                  | rPois rN+++ Int-3} (You found it on level 5 of the Vaults)
 39065 | Vaults:5 | Identified the Compendium of Snow and the Mountains
 39069 | Vaults:5 | Identified the Almanac of Cold and Combat Magic
 39083 | Vaults:5 | Got a pair of fine boots
 39084 | Vaults:5 | Identified the +2 pair of boots of Elitism {-Cast Dex+8
                  | Slay+4} (You found it on level 5 of the Vaults)
 39103 | Vaults:5 | Got a silver rune of Zot
 39789 | Vaults:5 | Got a translucent ivory ring
 39797 | Vaults:5 | Identified the ring "Zegarear" {+Fly rC+} (You found it on
                  | level 5 of the Vaults)
 39934 | Crypt:1  | Entered Level 1 of the Crypt
 40440 | Crypt:1  | Found a basalt altar of Yredelemnul.
 40643 | Crypt:1  | Reached XP level 24. HP: 218/243 MP: 28/28
 41640 | Crypt:2  | Found a shimmering altar of Xom.
 41723 | Crypt:3  | Entered Level 3 of the Crypt
 41978 | Crypt:3  | Found a staircase to the Tomb.
 42495 | Crypt:3  | Got a glittering pewter ring
 42498 | Crypt:3  | Identified the ring "Qageracs" {Dex+3 Slay+4} (You found it
                  | on level 3 of the Crypt)
 43052 | Tomb:1   | Entered Level 1 of the Tomb of the Ancients
 43144 | Tomb:1   | Noticed Mennas
 43160 | Tomb:1   | Killed Mennas
 43377 | Tomb:1   | Noticed a greater mummy
 43404 | Tomb:1   | Killed a greater mummy
 43666 | Tomb:1   | Noticed a greater mummy
 43683 | Tomb:1   | Killed a greater mummy
 43719 | Tomb:1   | Noticed an ancient lich
 43723 | Tomb:1   | Noticed a greater mummy
 43728 | Tomb:1   | Killed an ancient lich
 43742 | Tomb:1   | HP: 1/249 [greater mummy/divine providence (13)]
 43743 | Tomb:1   | Killed a greater mummy
 43743 | Tomb:1   | Killed from afar by a greater mummy

Illustrated notes

Levels and vault maps discovered:
D:1:      nicolae_arrival_memento_mori, layout_loops_corners
D:2:      layout_rooms, overflow_temple_1_default, grunt_gozag_breadcrumbs
D:3:      layout_basic
D:4:      layout_gridville, gammafunk_temple_overflow_elements, tso_altar,
          first_ration
D:5:      layout_cave_pools, temple_pool_b, gammafunk_ghost_nasty_kobolds
D:6:      layout_cave_pods
D:7:      layout_rooms, basic_altar, grunt_livestock, uniq_harold, uniq_duvessa,
          uniq_joseph
D:8:      layout_basic, uniq_pikel, uniq_maurice
D:9:      layout_basic, erik_orc_3, serial_shops, shop, minmay_shop_mayhem,
          st_stairs_9
D:10:     layout_rooms
D:11:     layout_roguey, lair_entry_dummy, serial_shops, nicolae_shop_trees
D:12:     layout_basic, basic_altar, kennysheep_small_circle
D:13:     layout_rooms, serial_shops, kennysheep_mini_moat,
          chequers_decorated_corner, lemuel_freeze_loot_1
D:14:     layout_roguey, david_vaults_5, serial_shops, shop, shop,
          nicolae_shop_stone, solitary_fountain, uniq_jorgrun
D:15:     gammafunk_enter_depths_forms, layout_irregular_city, serial_glass,
          glass_columns_b, glass_columns_b, glass_columns_c, glass_columns_c,
          glass_columns_a, glass_columns_c, item_on_display_a, feat_on_display,
          minmay_strange_pillars, item_on_display_a
Temple:   eino_narrow_crystal_temple
Lair:1:   layout_roguey [special_room_bee], gammafunk_ghost_grave, uniq_urug
Lair:2:   layout_regular_city
Lair:3:   statuecave_lemuel, layout_layer_cave, minmay_swamp_entry_reptiles,
          guppyfry_snake_entry_island, st_stairs_4
Lair:4:   layout_hall_layers
Lair:5:   layout_regular_city
Lair:6:   minmay_lair_end_enchanted_forest, layout_hall_layers,
          nicolae_slime_entry_slimehenge, special_room
          [special_room_mythical_zoo]
Swamp:1:  layout_falls_marsh, hangedman_swamp_ruin_hall, swamp_pool4,
          infiniplex_staircase_pool
Swamp:2:  nicolae_swamp_phyte_club, layout_falls_marsh, hangedman_swamp_cone,
          swamp_pool3
Swamp:3:  layout_basic_swamp, evilmike_swamp_ruin_house_5
Swamp:4:  swamp_icy, layout_basic_swamp, uniq_nikola
Snake:1:  layout_misc_corridors, ebering_ghost_rock_garden
Snake:2:  layout_layer_cave, serial_shops, nicolae_shop_statue_plus
Snake:3:  layout_misc_corridors, minmay_shop_star
Snake:4:  snake_pit, layout_basic, serial_shops, nicolae_shop_behind_doors
Orc:1:    layout_diamond_mine
Orc:2:    pf_orc_diabolical, layout_caves, serial_shops, shop,
          portal_ice_cave_entry_imps, basic_altar, mines2_david
Elf:1:    layout_onion_city, serial_shops, shop, minmay_elf_necromancy,
          grunt_ministairs_14
Elf:2:    layout_gridlike, nicolae_twisting_strands
Elf:3:    minmay_elf_hall, layout_geoelf_castle,
          ploomutoo_gammafunk_ghost_potion_laboratory, guppyfry_elf_altar
Vaults:1: vaults_dpeg_diagonal, nicolae_vaults_quartermaster,
          nicolae_vaults_three_branches, v_misc_8, vaults_dpeg_cross,
          nicolae_vaults_big_angled_halls, grunt_vaults_hallway_short,
          v_misc_14, v_misc_29, vaults_room_pool, vaults_room_stairs_pillars,
          ontoclasm_vaults_ligature, layout_vaults_big_room, serial_shops,
          nicolae_shop_waterfront
Vaults:2: nicolae_vaults_little_squares_1, vaults_dpeg_encased_lava, v_rooms_6,
          v_misc_27, nicolae_vaults_border_crossing, v_pattern_3,
          nicolae_vaults_arrows, v_misc_29, vaults_room_stairs_pillars,
          serial_ice_b, v_misc_14, layout_vaults_omnibox, serial_shops, shop,
          uniq_bai_suzhen
Vaults:3: hangedman_vaults_hat, ontoclasm_vaults_ring_square, v_misc_4,
          nicolae_vaults_network_star, minmay_crypt_entry_necro_gods,
          nicolae_vaults_network_quinsquares
          [nicolae_vaults_network_quincunx_subvault,
          nicolae_vaults_network_quincunx_subvault,
          nicolae_vaults_network_quincunx_subvault,
          nicolae_vaults_network_quincunx_subvault],
          nicolae_vaults_little_squares_4, v_rooms_6, ontoclasm_vaults_shuriken,
          ontoclasm_vaults_gateway, nicolae_vaults_mini_display_case,
          layout_vaults_big_cross, uniq_jory
Vaults:4: v_misc_26, ontoclasm_vaults_chip, nicolae_vaults_what_the_h,
          ontoclasm_vaults_decontamination, vaults_standard_mumra_x,
          ontoclasm_vaults_idyll, v_misc_15, nicolae_vaults_octagons,
          dpeg_vaults_monster_row, hangedman_vaults_trim,
          vaults_room_semicircle, grunt_vaults_hallway_long,
          nicolae_vaults_little_squares_6, layout_vaults_ring, enter_trove_6
Vaults:5
Crypt:1:  gammafunk_crypt_yreds_forest, layout_regular_city,
          minmay_misc_feat_ornament
Crypt:2:  due_chaos_kobolds, layout_basic
Crypt:3:  due_elkab, layout_chaotic_city, tomb_entry_shell_bobbens,
          grunt_ministairs_10, eino_tiny_chamber
Tomb:1:   uniq_mennas

Skill      XL: |  1  2  3  4  5  6  7  8  9 10 11 12 13 14 15 16 17 18 19 20 21 22 23 24 |
---------------+-------------------------------------------------------------------------+-----
Fighting       | 3 4 5 6 7 8 9 10 11 12 13 14 15 16 18 19 21 | 21.0
Axes           | 3 4 5 6 8 10 11 13 14 | 14.8
Armour         | 4 5 6 7 9 10 11 12 14 15 16 17 18 19 20 21 | 21.1
Shields        | 4 5 6 7 9 10 11 12 | 12.3
Invocations    | 5 7 9 10 11 13 14 16 17 | 17.9
Maces & Flails | 5 9 11 13 15 16 17 18 19 | 19.3
Dodging        | 7 11 13 14 16 17 18 | 18.4

Action                   |  1- 3 |  4- 6 |  7- 9 | 10-12 | 13-15 | 16-18 | 19-21 | 22-24 || total
-------------------------+-------+-------+-------+-------+-------+-------+-------+-------++-------
Melee: War axe           |    98 |    28 |       |       |       |       |       |       ||   126
       Broad axe         |       |   101 |   233 |   819 |   115 |       |       |       ||  1268
       Whip              |       |       |       |    55 |       |       |       |       ||    55
       Great mace        |       |       |       |       |   451 |  1303 |  1235 |  1185 ||  4174
Invok: Minor Destruction |       |       |       |    11 |       |       |       |       ||    11
       Lesser Servant of |       |       |       |     5 |       |       |       |       ||     5
       Greater Servant o |       |       |       |       |       |       |     4 |       ||     4
 Abil: Heal Wounds       |     1 |     1 |     6 |     8 |     2 |    13 |    10 |    17 ||    58
Evoke: Wand              |       |       |       |     7 |     2 |     3 |       |     2 ||    14
  Use: Scroll            |     6 |     6 |     9 |    12 |     8 |     7 |     4 |    10 ||    62
       Potion            |       |       |     1 |     2 |     2 |       |     1 |       ||     6
 Stab: Distracted        |       |       |       |     1 |       |       |       |       ||     1
  Eat: Chunk             |     2 |     5 |     6 |    23 |    16 |    29 |    23 |    14 ||   118
       Ration            |       |       |       |       |     2 |     2 |     1 |     3 ||     8
Armor: Scale mail        |    44 |       |       |       |       |       |       |       ||    44
       Plate armour      |       |    93 |   139 |   175 |    93 |   996 |   873 |   789 ||  3158
       Chain mail        |       |     2 |       |   164 |   404 |       |       |       ||   570
Dodge: Dodged            |    26 |    18 |    30 |   140 |   247 |   452 |   575 |   825 ||  2313
Block: Kite shield       |    61 |    78 |   146 |   702 |    81 |       |       |       ||  1068
       Reflection        |       |     1 |     4 |    24 |    11 |    29 |    26 |     5 ||   100
       Other             |       |       |       |       |   114 |   273 |   222 |   235 ||   844
